 Dungeon Crawl Stone Soup version 0.21-a0-630-g344d351 (webtiles) character file.

819 Gerstahl the Slasher (level 8, 0/65 HPs)
             Began as a Human Gladiator on Dec 25, 2017.
             Slain by a gnoll
             ... wielding a +0 club
              (7 damage)
             ... on level 4 of the Dungeon.
             The game lasted 00:10:32 (4960 turns).

Gerstahl the Slasher (Human Gladiator)              Turns: 4960, Time: 00:10:32

Health: 0/65       AC:  7    Str: 16    XL:     8   Next: 16%
Magic:  8/8        EV: 14    Int:  8    God:
Gold:   250        SH:  0    Dex: 16    Spells: 7/7 levels left

rFire    + . .     SeeInvis .   a - +0 long sword
rCold    + . .     Gourm    .   (no shield)
rNeg     . . .     Faith    .   l - +0 ring mail
rPois    .         Spirit   .   c - +0 helmet
rElec    .         Reflect  .   v - scarf {rC+ rF+}
rCorr    .         Harm     .   o - +0 pair of gloves
MR       .....                  (no boots)
Stlth    +.........             (no amulet)
HPRegen  0.20/turn              h - +2 ring of evasion
MPRegen  0.11/turn              (no ring)

@: no status effects
A: no striking features
a: no special abilities


You were on level 4 of the Dungeon.
You were not hungry.

You visited 1 branch of the dungeon, and saw 4 of its levels.

You collected 250 gold pieces.

Inventory:

Hand Weapons
 a - a +0 long sword (weapon)
 q - the cursed +1 hand axe of Discomfort {pain, Fragile rElec Str+6 Int-4 SInv}
   (You found it on level 4 of the Dungeon)

   In the hands of one skilled in necromantic magic, it inflicts extra damage on
   living creatures.
   It affects your strength (+6).
   It affects your intelligence (-4).
   It insulates you from electricity.
   It lets you see invisible.
   It will be destroyed if unequipped.
   It has a curse placed upon it.
Missiles
 d - 2 throwing nets (quivered)
Armour
 b - a +0 leather armour
 c - a +0 helmet (worn)
 l - a +0 ring mail (worn)
 o - a +0 pair of gloves (worn)
 v - a scarf of resistance (worn)
Jewellery
 e - an uncursed amulet of harm
 h - a +2 ring of evasion (left hand)
Scrolls
 i - a scroll of noise {unknown}
 j - a scroll of teleportation {unknown}
 k - 2 scrolls of identify
 n - 2 scrolls of remove curse {unknown}
 s - a scroll of amnesia {unknown}
 x - a scroll of blinking {unknown}
 y - a scroll of fear {unknown}
Potions
 g - a potion of resistance {unknown}
 m - 2 potions of brilliance {unknown}
 p - a potion of haste {unknown}
 r - 2 potions of mutation {unknown}
 t - a potion of invisibility {unknown}
 u - a potion of might {unknown}
 w - 2 potions of curing {unknown}
Comestibles
 f - a ration


   Skills:
 + Level 6.3 Fighting
 + Level 6.8 Long Blades
 - Level 2.0 Throwing
 - Level 3.0 Dodging


You had 7 spell levels left.
You didn't know any spells.

Dungeon Overview and Level Annotations

Branches:
Dungeon (4/15)
 Temple: D:4-7

Altars:
Ashenzari
Elyvilon
Fedhas
Nemelex Xobeh
Trog
Wu Jian
Zin


Message History

* * * LOW HITPOINT WARNING * * *
The gnoll barely misses you.
Things that are here:
a spear; a halberd; a gnoll corpse
There is a stone staircase leading up, spattered with blood here.
You barely miss the gnoll. The gnoll misses you.
Your ring mail prevents you from hitting the gnoll.
The gnoll hits you with a club.
* * * LOW HITPOINT WARNING * * *
You hit the gnoll.
The gnoll is lightly wounded.
The gnoll hits you but does no damage.
Your ring mail prevents you from hitting the gnoll.
The gnoll is lightly wounded.
The gnoll barely misses you.
You closely miss the gnoll. The gnoll barely misses you.
You hit the gnoll but do no damage. The gnoll closely misses you.
You riposte.
You closely miss the gnoll. You hit the gnoll but do no damage.
The gnoll hits you with a club!
You die...

≈≈≈≈≈≈≈≈≈≈≈≈....≈(≈≈≈≈≈≈≈
...........)....g........
...............)).....>..
#####..###.###.(.((....##
##.# #...#.##........
#.###.#.#.##(....###
######..##.....##)....##
.....#.....######)...>.#
.⌠.⌠.#...#.....)@g.....#
.....#.).#.######).....#
....<#...#.# #......#
.....#.....# ####.....#
.⌠.⌠.####..# ...#......#
.....#.....#...##♣.....##
#########.>'...#.♣......#
.# ###..#...#♣[).....#
.######....#...#♣_......#


You could see a gnoll.

Vanquished Creatures
  A phantom (D:4)
  An ogre (D:4)
  A gnoll sergeant (D:4)
  2 howler monkeys (D:4)
  2 bullfrog skeletons
  2 orc wizards (D:3)
  A gnoll shaman (D:4)
  7 adders
  16 gnolls
  An adder skeleton (D:4)
  2 worms
  A dart slug (D:2)
  2 leopard geckos (D:1)
  16 orcs
  2 ball pythons
  3 bats
  3 giant cockroaches
  8 goblins
  13 hobgoblins
  13 jackals
  3 quokkas
  A ball python skeleton (D:4)
  6 frilled lizards
  A jackal skeleton (D:3)
  9 kobolds
  4 rats
121 creatures vanquished.

Vanquished Creatures (others)
  A gnoll (D:4)
1 creature vanquished.

Grand Total: 122 creatures vanquished

Notes
Turn   | Place    | Note
-------+----------+-------------------------------------------
     0 | D:1      | Gerstahl the Human Gladiator began the quest for the Orb.
     0 | D:1      | Reached XP level 1. HP: 16/16 MP: 1/1
   226 | D:1      | Reached XP level 2. HP: 17/23 MP: 2/2
   616 | D:1      | Reached XP level 3. HP: 27/28 MP: 3/3
  1217 | D:2      | Found an ornate altar of the Wu Jian Council.
  1527 | D:2      | Reached XP level 4. HP: 27/35 MP: 4/4
  1607 | D:2      | Found a shattered altar of Ashenzari.
  1746 | D:2      | Reached XP level 5. HP: 40/41 MP: 5/5
  2059 | D:2      | Found a bloodstained altar of Trog.
  2059 | D:2      | Found a sparkling altar of Nemelex Xobeh.
  2247 | D:2      | Found a blossoming altar of Fedhas.
  2627 | D:3      | Reached XP level 6. HP: 32/48 MP: 6/6
  2815 | D:3      | Reached skill level 5 in Long Blades
  3137 | D:4      | Found a glowing silver altar of Zin.
  3398 | D:4      | Noticed an ogre
  3404 | D:4      | Noticed a phantom
  3420 | D:4      | Killed an ogre
  3420 | D:4      | Reached skill level 5 in Fighting
  3420 | D:4      | Reached XP level 7. HP: 27/56 MP: 7/7
  3640 | D:4      | Got a shimmering hand axe
  3648 | D:4      | Identified the cursed +1 hand axe of Discomfort {pain, Fragile rElec Str+6 Int-4 SInv} (You found it on level 4 of the Dungeon)
  3687 | D:4      | Found a white marble altar of Elyvilon.
  4082 | D:4      | Reached XP level 8. HP: 17/64 MP: 8/8
  4960 | D:4      | Slain by a gnoll

Vault maps used:
D:1:      evilmike_arrival_crescent, minmay_octomino_j4
D:2:      nicolae_overflow_crystal_walls, lemuel_doored_altar,
          gammafunk_temple_overflow_wave, grunt_decor_resistance,
          nrook_mini_backslash, fedhas_altar_4
D:3:      hangedman_decor_clover_reticule, roderic_serpentine_path,
          roderic_roman_lattice
D:4:      lemuel_castle_with_subvaults, zin_academy, lemuel_crystal_altar,
          elyvilon_altar_5, grunt_ministairs_3, uniq_sigmund

Skill      XL: |  1  2  3  4  5  6  7 |
---------------+----------------------+-----
Fighting       | 3 4 5 6 |  6.3
Long Blades    | 4 5 6 |  6.8
Throwing       | |  2.0
Dodging        | |  3.0

Action                   |  1- 3 |  4- 6 |  7- 9 || total
-------------------------+-------+-------+-------++-------
Melee: Long sword        |    90 |   200 |   132 ||   422
Throw: Throwing net      |       |     1 |     1 ||     2
  Use: Scroll            |       |       |     1 ||     1
 Stab: Held in net/web   |       |       |     2 ||     2
  Eat: Chunk             |     2 |     6 |     3 ||    11
       Ration            |       |       |     1 ||     1
Armor: Leather armour    |    13 |       |       ||    13
       Ring mail         |    25 |    68 |    38 ||   131
Dodge: Dodged            |    68 |   158 |   133 ||   359
       Rpst.: Long sword |    31 |    52 |    34 ||   117

Table legend:
 A = Spawn XP
 B = Non-spawn XP
 C = Spawn XP percentage of total XP
 D = Spawn monster count
 E = Non-spawn monster count
 F = Spawn count percentage of total count
 G = Total turns spent on level
                    A         B        C        D         E        F      G
               +---------+---------+-------+---------+---------+-------+---------
         Total |       0 |    1170 |   0.0 |       0 |     122 |   0.0 |  4960
               +---------+---------+-------+---------+---------+-------+---------
           D:1 |       0 |      35 |   0.0 |       0 |      20 |   0.0 |  1179
           D:2 |       0 |     132 |   0.0 |       0 |      28 |   0.0 |  1305
           D:3 |       0 |     165 |   0.0 |       0 |      34 |   0.0 |  1793
           D:4 |       0 |     838 |   0.0 |       0 |      40 |   0.0 |   683
               +---------+---------+-------+---------+---------+-------+---------
